cohdb
Replays
Latest Replays
All Replays
Popular Replays
Top Player Replays
Match Explorer
How It Works
Community
CoH3 Stats
Reddit
Sign in to upload your games and track your stats! →
Sign in with Steam
Match 46686300
Unlisted
Match 46686300
Overview
Messages
Build Orders
End
Construct Barracks
Selects Advanced Infantry Battlegroup
Engineer Squad
Riflemen Squad
Riflemen Squad
Grenade Package
M1 Mortar Team
Riflemen Squad
Infantry Support Center
Construct Medical Station
Selects Convert to Ranger Squad
Selects Frontline Medical Station
Convert to Ranger Squad
Advanced Logistics
Survival Training
Riflemen Squad
Selects Ranger Weapon Training
Munitions Surplus
jde513
silverticket
维维豆奶
pp123p
MG42
BUGII
0
0
Comments
sign in to comment!
No comments posted yet!